Map: Kairos Junction LE

Players

Lambo - Winner!

  • Race: Zerg Zerg
  • League: Master
  • Spawn Location: 5:00

AlphaGo (Guru)

  • Race: Zerg Zerg
  • Spawn Location: 11:00

VOD

Have the link to the VOD?

Description

Time

  • Played on: Jan. 25, 2019, 12:36 p.m.
  • Length: 16:02
Show
View Real Time Build Order
Export as new Build Order

Lambo Zerg - Winner!

Build Orders: Hatch First 

Get SALT Encoding   

  12  0:01  Drone  
  13  0:13  Overlord  
  13  0:17  Drone  
  14  0:31  Drone x2  
  16  0:48  Hatchery  
  15  0:51  Drone  
  15  0:54  Drone  
  17  0:58  Drone  
  18  1:09  Extractor  
  17  1:13  Spawning Pool  
  17  1:16  Drone  
  17  1:19  Drone  
  18  1:28  Drone  
  19  1:41  Drone  
  20  1:50  Drone  
  21  2:00  Drone, Overlord, Queen x2  
  26  2:10  Metabolic Boost  
  26  2:11  Drone x2  
  28  2:21  Drone  
  28  2:22  Drone  
  30  2:34  Hatchery  
  30  2:36  Drone  
  30  2:38  Drone  
  30  2:42  Zergling x2  
  32  2:45  Evolution Chamber, Drone  
  32  2:53  Overlord  
  32  2:56  Drone  
  33  3:05  Drone  
  34  3:07  Drone x2  
  34  3:11  Drone  
  34  3:12  Drone x2  
  39  3:13  Zergling x4  
  39  3:16  Zergling x2  
  39  3:18  Zerg Missile Weapons Level 1  
  42  3:23  Overlord  
  42  3:28  Zergling x2  
  43  3:35  Drone  
  43  3:37  Roach Warren  
  43  3:39  Drone  
  43  3:43  Drone x4  
  43  3:45  Drone x2  
  43  3:46  Queen  
  51  3:51  Drone, Extractor  
  51  3:52  Extractor  
  51  3:54  Drone  
  49  4:10  Overlord  
  49  4:14  Baneling Nest  
  57  4:17  Roach x5  
  57  4:23  Overlord  
  57  4:25  Overlord  
  57  4:28  Roach x2  
  63  4:31  Zergling x4, Roach  
  63  4:37  Overlord  
  65  4:39  Roach  
  65  4:43  Roach x4  
  73  4:48  Zergling x6  
  73  4:52  Zergling x4  
  78  4:53  Zergling x2  
  78  4:54  Ravager  
  78  5:01  Zergling x10  
  83  5:07  Baneling x4  
  83  5:09  Zergling x4  
  83  5:10  Zergling x2  
  86  5:15  Baneling x5  
  86  5:20  Zergling x6  
  88  5:29  Zergling x4  
  88  5:33  Zergling x2  
  88  5:35  Overlord  
  87  5:37  Overlord  
  87  5:39  Baneling x3  
  87  5:42  Baneling  
  87  5:43  Baneling x6  
  87  5:45  Zergling x4  
  88  5:50  Overlord  
  88  5:51  Zergling x2  
  88  5:54  Baneling x2, Overlord  
  79  6:05  Zergling x14  
  79  6:07  Zergling x2  
  79  6:10  Zergling x4  
  83  6:16  Zergling x6  
  83  6:18  Zergling x4  
  84  6:24  Zergling x2  
  79  6:31  Zergling x4  
  69  6:38  Zergling x4  
  67  6:46  Pneumatized Carapace  
  66  6:48  Spore Crawler x2  
  66  6:49  Spore Crawler  
  66  6:52  Drone x8  
  71  7:00  Drone x2  
  73  7:01  Lair  
  73  7:12  Overlord  
  72  7:21  Zergling x20  
  74  7:26  Zergling x2  
  74  7:28  Queen  
  68  7:31  Zergling x2  
  68  7:32  Zergling x2  
  68  7:39  Zergling x12, Spore Crawler  
  68  7:40  Spore Crawler  
  68  7:43  Zergling x4  
  74  7:47  Zergling x2  
  74  7:50  Zergling x2  
  76  7:54  Zergling x2  
  76  7:57  Zergling x2  
  77  8:01  Spire  
  77  8:03  Zerg Melee Weapons Level 1  
  77  8:04  Zergling x8  
  80  8:07  Hydralisk Den  
  80  8:08  Drone x5  
  80  8:09  Drone x2  
  85  8:13  Drone  
  81  8:21  Zergling x6  
  76  8:32  Extractor, Infestation Pit, Spore Crawler  
  76  8:33  Drone  
  76  8:34  Drone x2  
  75  8:35  Spore Crawler  
  75  8:36  Spore Crawler  
  75  8:37  Roach x2  
  75  8:38  Spore Crawler  
  75  8:39  Baneling x4  
  75  8:41  Baneling x2  
  77  8:42  Drone x4  
  77  8:44  Roach  
  83  8:49  Overlord  
  83  8:57  Roach x4  
  89  9:03  Spore Crawler, Roach x2  
  89  9:22  Drone x3  
  91  9:25  Extractor  
  91  9:26  Spore Crawler  
  91  9:28  Infestor x2, Extractor, Spore Crawler  
  91  9:30  Infestor  
  90  9:41  Drone x2  
  90  9:42  Drone x3  
  90  9:43  Grooved Spines  
  95  9:47  Drone x3  
  98  9:56  Drone x4  
  98  9:57  Overlord  
  102  10:05  Zerg Missile Weapons Level 2  
  102  10:13  Hydralisk x6  
  114  10:18  Hydralisk  
  116  10:27  Hydralisk x3  
  122  10:32  Hydralisk x2  
  126  10:36  Hydralisk  
  128  10:44  Overlord x3, Spore Crawler  
  128  10:49  Baneling x2  
  127  10:56  Roach  
  129  11:02  Overlord  
  129  11:03  Overlord  
  129  11:06  Roach  
  129  11:07  Roach x6  
  143  11:16  Roach x5  
  152  11:21  Roach x2  
  152  11:25  Hydralisk, Roach  
  159  11:31  Overseer  
  157  11:35  Ravager  
  157  11:36  Ravager x4  
  157  11:37  Overlord  
  157  11:38  Roach x3  
  157  11:39  Overseer  
  168  11:48  Glial Reconstitution  
  168  11:49  Overlord  
  168  11:53  Roach  
  170  11:57  Overseer x3  
  168  12:14  Roach x10  
  170  12:19  Hydralisk  
  170  12:20  Hydralisk  
  147  12:27  Hydralisk x3  
  147  12:32  Hydralisk  
  147  12:37  Hydralisk x2  
  140  12:43  Hydralisk x2  
  142  12:49  Hydralisk x2  
  136  13:03  Hydralisk x4  
  132  13:07  Hydralisk x2  
  132  13:10  Queen  
  136  13:14  Hydralisk  
  136  13:18  Hydralisk x2  
  130  13:28  Hydralisk x3  
  130  13:30  Roach  
  137  13:38  Hydralisk, Roach x2  
  143  13:46  Hydralisk x2  
  143  13:47  Hydralisk  
  139  13:52  Hydralisk x2  
  129  14:03  Hydralisk x3  
  129  14:06  Hydralisk  
  120  14:10  Hydralisk x2  
  120  14:13  Hydralisk  
  112  14:19  Hydralisk x2  
  106  14:24  Hydralisk  
  106  14:25  Hydralisk  
  106  14:29  Muscular Augments  
  110  14:31  Roach  
  110  14:34  Roach  
  110  14:37  Roach x2  
  116  14:40  Roach  
  116  14:44  Roach  
  120  14:49  Roach  
  120  14:50  Roach  
  124  14:56  Roach x3  
  108  15:03  Hydralisk x2  
  110  15:14  Hydralisk, Ravager x2  
  110  15:15  Hydralisk, Ravager  
  110  15:17  Hydralisk  
  119  15:21  Roach  
  119  15:27  Roach  
  123  15:35  Hydralisk x2  
  125  15:37  Ravager  
  125  15:39  Ravager x2  
Show
View Real Time Build Order
Export as new Build Order

AlphaGo Zerg 

Build Orders: Hatch First, Lurkers 

Get SALT Encoding   

  12  0:00  Drone  
  13  0:12  Overlord  
  13  0:17  Drone  
  14  0:31  Drone  
  14  0:32  Drone  
  14  0:35  Drone  
  17  0:52  Hatchery  
  17  0:55  Drone  
  17  1:08  Spawning Pool  
  17  1:11  Extractor  
  15  1:13  Drone  
  15  1:16  Drone  
  17  1:20  Drone  
  18  1:28  Drone  
  19  1:39  Drone  
  20  1:55  Queen  
  22  2:04  Queen  
  22  2:05  Drone  
  22  2:06  Drone  
  22  2:07  Drone  
  27  2:11  Overlord  
  27  2:15  Evolution Chamber  
  26  2:18  Drone  
  26  2:22  Drone  
  28  2:31  Queen  
  28  2:34  Drone x2  
  32  2:39  Queen  
  32  2:41  Zerg Melee Weapons Level 1  
  34  2:45  Overlord  
  34  2:50  Drone  
  35  2:55  Metabolic Boost  
  35  2:58  Overlord  
  35  3:01  Drone  
  35  3:05  Drone x2  
  38  3:10  Drone x2  
  38  3:11  Drone  
  41  3:14  Drone x2  
  43  3:20  Overlord  
  43  3:22  Drone  
  43  3:26  Drone x2  
  46  3:31  Lair  
  46  3:36  Extractor  
  46  3:37  Extractor  
  44  3:44  Drone x2, Extractor  
  44  3:45  Drone x2  
  44  3:47  Drone x3  
  50  3:48  Zergling x2  
  50  3:50  Zergling x2  
  52  3:58  Zergling x2  
  52  4:01  Drone x2  
  53  4:11  Drone x2  
  53  4:14  Queen  
  53  4:16  Zergling x4  
  53  4:17  Zergling x2  
  60  4:30  Hatchery, Spire  
  58  4:32  Drone  
  58  4:33  Drone  
  58  4:36  Overlord  
  60  4:43  Zergling x2  
  60  4:51  Spine Crawler  
  60  4:52  Spine Crawler  
  58  4:54  Spine Crawler, Zergling x6  
  59  5:01  Drone x2, Overlord  
  59  5:03  Zergling x2  
  59  5:05  Zergling x2  
  63  5:13  Zergling x10  
  67  5:20  Overlord  
  67  5:21  Zergling x2  
  67  5:22  Zergling x4  
  67  5:28  Zergling x2  
  70  5:29  Zergling x2  
  65  5:41  Mutalisk x2  
  65  5:42  Mutalisk x3  
  69  5:49  Mutalisk x2  
  78  5:52  Mutalisk  
  78  5:56  Mutalisk  
  82  6:03  Mutalisk x2  
  76  6:09  Mutalisk  
  55  6:22  Mutalisk  
  53  6:27  Drone x2  
  53  6:28  Drone x3  
  53  6:31  Drone  
  49  6:35  Drone  
  50  6:40  Drone x2  
  50  6:41  Drone  
  50  6:46  Zergling x2  
  54  6:49  Drone  
  54  6:51  Drone  
  57  6:54  Zergling x2  
  57  7:02  Drone x4  
  57  7:08  Zergling x2  
  61  7:13  Drone  
  57  7:29  Drone  
  52  7:30  Drone x7  
  52  7:32  Drone  
  52  7:36  Drone x2  
  60  7:39  Drone  
  61  7:46  Queen  
  61  7:49  Zergling x4  
  65  7:52  Zergling x2  
  65  7:57  Zergling x6  
  68  8:03  Zergling x4  
  70  8:10  Zergling x2  
  71  8:16  Zergling x4  
  71  8:17  Queen  
  71  8:21  Queen  
  71  8:26  Drone x2  
  74  8:39  Hatchery  
  73  8:42  Drone  
  73  8:45  Drone x2  
  76  8:50  Drone  
  76  8:53  Queen  
  79  8:57  Queen  
  79  9:02  Drone  
  82  9:05  Drone  
  82  9:09  Drone  
  84  9:11  Zerg Flyer Weapons Level 1  
  83  9:22  Overlord  
  83  9:23  Zerg Missile Weapons Level 1  
  83  9:24  Overlord  
  83  9:28  Overlord  
  83  9:33  Hydralisk Den  
  82  9:40  Drone x4  
  82  9:41  Drone  
  82  9:44  Drone x3  
  90  9:46  Drone x2  
  90  9:48  Drone  
  90  9:50  Drone  
  94  9:53  Drone  
  94  9:58  Overlord  
  95  10:02  Hydralisk Den  
  94  10:09  Drone  
  94  10:10  Drone x3  
  94  10:12  Muscular Augments  
  99  10:15  Extractor  
  99  10:16  Extractor  
  99  10:17  Hydralisk x2  
  99  10:21  Hydralisk  
  101  10:24  Hydralisk  
  101  10:27  Drone x2  
  101  10:28  Drone  
  108  10:31  Hydralisk  
  108  10:34  Hydralisk  
  112  10:39  Overlord  
  112  10:41  Drone  
  112  10:42  Drone  
  114  10:47  Drone x2  
  114  10:48  Drone  
  117  10:50  Lurker Den  
  117  10:51  Drone  
  117  10:52  Drone  
  117  10:56  Drone  
  119  10:57  Hydralisk x2  
  119  10:59  Overlord  
  123  11:04  Hydralisk  
  123  11:05  Hydralisk  
  127  11:23  Hydralisk x2  
  127  11:24  Hydralisk  
  133  11:26  Overlord  
  133  11:35  Hatchery, Overlord  
  133  11:37  Overlord  
  132  11:41  Overlord  
  132  11:44  Hydralisk  
  132  11:45  Overlord  
  132  11:46  Overlord  
  134  11:47  Hydralisk  
  134  11:50  Grooved Spines, Overlord x2  
  136  11:57  Hydralisk x3  
  136  12:01  Hydralisk x2  
  142  12:04  Hydralisk  
  142  12:07  Hydralisk  
  111  12:23  Mutalisk x5  
  107  12:36  Mutalisk x4  
  105  12:42  Mutalisk x4  
  105  12:45  Mutalisk  
  105  12:51  Mutalisk  
  103  13:01  Hydralisk x3  
  105  13:17  Hatchery  
  103  13:29  Lurker x3  
  103  13:32  Drone x3  
  109  13:38  Hydralisk  
  109  13:39  Hydralisk  
  109  13:41  Extractor, Zergling x2  
  114  13:42  Extractor  
  104  13:50  Hydralisk x3  
  104  13:53  Hydralisk  
  97  14:08  Mutalisk x2  
  75  14:11  Drone  
  75  14:12  Drone x4  
  71  14:18  Drone x2  
  71  14:19  Drone  
  71  14:23  Lurker  
  75  14:25  Drone  
  76  14:32  Mutalisk  
  78  14:40  Mutalisk  
  78  14:44  Hydralisk  
  75  14:56  Mutalisk  
  75  14:59  Drone x3  
  67  15:00  Drone x3  
  68  15:11  Drone x5  
  68  15:13  Drone  
  74  15:18  Lurker  
  75  15:22  Mutalisk  
  75  15:24  Mutalisk  
  79  15:29  Mutalisk  
  79  15:35  Hydralisk  
  79  15:36  Hydralisk  
  79  15:40  Zergling x2  
  79  15:41  Zergling x4  
  79  15:42  Zergling x2  
Tags
 
Composition
Lurkers
League
Master
Matchup
ZvZ
Player
GuruLambo
Race
Zerg
Spawn Locations
Cross Positions
Add a new tag
Caveats
  • Supply blocks, unpowered buildings, or Contaminate may cause inaccurate times.
  • Supply counts are checked every 10 seconds.